 Dungeon Crawl Stone Soup version 0.31-a0-1612-g4aaf141004 (webtiles) character file.

Game seed: 7539828837454174242

18 Newt the Ducker (level 2, 0/24 HPs)
             Began as a Merfolk Gladiator on Jan 9, 2024.
             Slain by an endoplasm (2 damage)
             ... on level 1 of the Dungeon.
             The game lasted 00:00:33 (400 turns).

Newt the Ducker (Merfolk Gladiator)                  Turns: 400, Time: 00:00:34

Health: 0/24       AC:  4    Str: 14    XL:     2   Next: 70%
Magic:  0/2        EV: 13    Int:  7    God:
Gold:   33         SH:  0    Dex: 15    Spells: 1/1 levels left

rFire   + . .        a - +0 trident
rCold   . . .        (no shield)
rNeg    . . .        b - +0 leather armour
rPois   .            c - +0 helmet
rElec   .            (no cloak)
rCorr   .            (no gloves)
SInv    .            (no boots)
Will    +....        f - amulet of guardian spirit
Stlth   +            g - ring of protection from fire
HPRegen 0.24/turn    (no ring)
MPRegen 0.08/turn

%: guardian spirit
@: enlightened, flying
A: (nimble swimmer 2), mertail
a: no special abilities


You were on level 1 of the Dungeon.
You visited 1 branch of the dungeon, and saw 1 of its levels.

You collected 33 gold pieces.

Inventory:

Hand Weapons
 a - a +0 trident (weapon)
 j - a +3 sling
Missiles
 e - a javelin
Armour
 b - a +0 leather armour (worn)
 c - a +0 helmet (worn)
Jewellery
 f - an amulet of guardian spirit (around neck)
 g - a ring of protection from fire (left hand)
Scrolls
 i - a scroll of fog {unknown}


   Skills:
 + Level 3.5 Fighting
 - Level 4.0 Polearms
 - Level 2.0 Throwing
 - Level 4.0 Dodging


You had one spell level left.
You didn't know any spells.
Your spell library was empty.

Dungeon Overview and Level Annotations

Branches:
Dungeon (1/15)

Altars:


Innate Abilities, Weirdness & Mutations

((You are very nimble when in or above water. (Stealth+, EV+, Speed+++)))
Your lower body shifts to a powerful aquatic tail in water.


Message History

You are frozen.
* * * LOW HITPOINT WARNING * * *
The goblin completely misses you. The quokka bites you.
* * * LOW HITPOINT WARNING * * *
You hit the goblin.
You kill the goblin!
The endoplasm freezes you.
You are frozen.
* * * LOW HITPOINT WARNING * * *
The quokka closely misses you.
Unknown command.
It was a potion of enlightenment.
You feel very buoyant.
You fly up into the air.
The endoplasm closely misses you.
The quokka bites you but does no damage.
Unknown command.
Throw: 3 throwing nets
Press: ? - help, Q - select action, (/) - cycle Shift-Dir - straight line, f - endoplasm
Aim: an endoplasm (85% to hit, immune to nets)
You throw a throwing net. The throwing net hits the endoplasm.
The endoplasm effortlessly oozes through the net!
The endoplasm barely misses you. The quokka barely misses you.
Unknown command.
Throw: 2 throwing nets
Press: ? - help, Q - select action, (/) - cycle Shift-Dir - straight line, f/p - endoplasm
Aim: an endoplasm (85% to hit, immune to nets)
You throw a throwing net. The throwing net hits the endoplasm.
The endoplasm effortlessly oozes through the net!
The quokka bites you but does no damage.
The endoplasm misses you.
Throw: throwing net
Press: ? - help, Q - select action, (/) - cycle Shift-Dir - straight line, f/p - endoplasm
Aim: an endoplasm (85% to hit, immune to nets)
You throw a throwing net. The throwing net hits the endoplasm.
The endoplasm effortlessly oozes through the net!
The quokka barely misses you. The endoplasm closely misses you.
You hit the endoplasm.
The endoplasm is heavily wounded.
The quokka bites you. The endoplasm hits you.
You die...

........##...... ...
..................#.#
...
..................#.##.
...
.......................
...
...................... .
...
.......##...........##$.
...
........)...............
...
................J)......
...
..........##....@r......
...
...................!....
...
........................
...
.......................#
...
##..........##......(...
..##
##..........##..........
....
............##..........
...
.....###....##..........
.. ...#........##### #


You could see an endoplasm and a quokka.

Vanquished Creatures
  An endoplasm (D:1)
  2 goblins (D:1)
  2 hobgoblins (D:1)
  3 jackals (D:1)
  4 kobolds (D:1)
  A quokka (D:1)
  A bat (D:1)
  A frilled lizard (D:1)
15 creatures vanquished.

Notes
Turn   | Place    | Note
-------+----------+-------------------------------------------
     0 | D:1      | Newt the Merfolk Gladiator began the quest for the Orb.
     0 | D:1      | Reached XP level 1. HP: 16/16 MP: 1/1
    47 | D:1      | Reached XP level 2. HP: 19/23 MP: 2/2
   395 | D:1      | HP: 1/24 [frozen (4)]
   400 | D:1      | Slain by an endoplasm

Illustrated notes

Levels and vault maps discovered:
D:1:      roderic_chinese_lattice_arrival, layout_basic

Skill      XL: |  1  2 |
---------------+-------+-----
Fighting       | 3 |  3.5
Polearms       | |  4.0
Throwing       | |  2.0
Dodging        | |  4.0

Action                     || total
---------------------------++-------
  Melee: Trident           ||    45
  Throw: Throwing net      ||     3
    Use: Potion            ||     1
 Armour: Leather armour    ||    34
  Dodge: Dodged            ||    37

Table legend: (Time is in decaauts)
 A = Elapsed time spent in this place.
 B = Non-inter-level travel time spent in this place.
 C = Inter-level travel time spent in this place.
 D = Time resting spent in this place.
 E = Time spent auto-exploring this place.
 F = Levels seen in this place.
 G = Mean time per level.
                   A        B        C        D        E       F      G
               +--------+--------+--------+--------+--------+-----+--------+
         Total |    403 |    402 |      1 |      0 |    303 |   1 |  403.0 |
       Dungeon |    403 |    402 |      1 |      0 |    303 |   1 |  403.0 |
               +--------+--------+--------+--------+--------+-----+--------+

Top non-repeatable levels by time:
     D:1: 403 daAuts
